 Dungeon Crawl Stone Soup version 0.26.1-2-gb8aa6d0cf2 (webtiles) character file.

Game seed: 139163564422323002

232 Phaedo the Sneak (level 5, -2/42 HPs)
             Began as a Demigod Delver on Mar 25, 2021.
             Slain by a hobgoblin
             ... wielding a +0 club
              (5 damage)
             ... on level 2 of the Dungeon.
             The game lasted 00:10:56 (3850 turns).

Phaedo the Sneak (Demigod Delver)                   Turns: 3850, Time: 00:10:57

Health: -2/42      AC:  4    Str: 15    XL:     5   Next: 45%
Magic:  7/7        EV: 13    Int: 16    God:
Gold:   122        SH:  0    Dex: 17    Spells: 4/4 levels left

rFire    . . .     SeeInvis .   a - +0 mace
rCold    . . .     Faith    .   (no shield)
rNeg     . . .     Spirit   .   b - +0 leather armour
rPois    .         Reflect  .   q - +0 helmet
rElec    .         Harm     .   (no cloak)
rCorr    .         Rampage  .   (no gloves)
Will     .....                  (no boots)
Stlth    +++.......             (no amulet)
HPRegen  0.14/turn              (no ring)
MPRegen  0.10/turn              (no ring)

@: lethally poisoned (-2 -> -6)
A: high mp 1
a: no special abilities


You were on level 2 of the Dungeon.
You visited 1 branch of the dungeon, and saw 5 of its levels.
You also visited: Sewer.

You collected 122 gold pieces.

Inventory:

Hand Weapons
 a - a +0 mace (weapon)
 n - a +2 quarterstaff of draining
Missiles
 e - 27 bolts
 j - 19 arrows
 r - 88 stones (quivered)
Armour
 b - a +0 leather armour (worn)
 q - a +0 helmet (worn)
Wands
 g - a wand of digging (3)
 l - a wand of disintegration (13)
Scrolls
 c - 2 scrolls of fog
 d - a scroll of magic mapping
 h - a scroll of teleportation {unknown}
 i - 2 scrolls of amnesia {unknown}
 m - a scroll of identify
 p - a scroll of remove curse {unknown}
Potions
 f - 2 potions of mutation


   Skills:
 - Level 2.6 Fighting
 * Level 4.0 Maces & Flails
 + Level 3.0 Dodging
 + Level 5.4 Stealth


You had 4 spell levels left.
You didn't know any spells.
Your spell library contained the following spells:

 Spells                   Type           Power        Failure   Level
 Confusing Touch          Hex            0%           67%         3
 Gell's Gravitas          Tloc           0%           67%         3
 Petrify                  Tmut/Erth      0%           97%         4
 Metabolic Englaciation   Hex/Ice        0%           100%        5
 Yara's Violent Unravell  Hex/Tmut       0%           100%        5


Dungeon Overview and Level Annotations

Branches:
Dungeon (5/15)              Sewer (visited)
 Temple: D:4-7


Innate Abilities, Weirdness & Mutations

You have an increased reservoir of magic. (+10% MP)


Message History

The adder bites you but does no damage.
You miss the adder.
The adder is heavily wounded.
The adder bites you but does no damage.
You hit the adder.
The adder is severely wounded.
The adder bites you.
* * * LOW HITPOINT WARNING * * *
You are lethally poisoned!
The adder poisons you! The adder bites you but does no damage.
You sock the adder!
You kill the adder!
* * * LOW HITPOINT WARNING * * *
You feel sick.
The quokka twitches its whiskers.
You barely miss the hobgoblin.
* * * LOW HITPOINT WARNING * * *
You feel sick. The hobgoblin misses you.
You closely miss the hobgoblin. The hobgoblin hits you with a +0 club.
You die...

..#.....# #.......##
..####### #.#
#........# ..# #$#
#..####†..#
#.#########.## #.##
##..# #..#.........#
###. #..#
............# ##....
#..# ............#
#..### ##..#
............#####.#
#...#
...).......)rwg@..#
###.##
.............###..##
### ##.#
....#........#
#...###.# #.# ...
#........# #.......#
#.# . #........#
######..# #.#
....####### #..##
##.# .....
#.#.#####.## .....
#.##.....##
#....#####


You could see a worm, a quokka and a hobgoblin.

Vanquished Creatures
  A hound zombie (D:4)
  7 adders
  A gnoll (D:1)
  11 oozes (Sewer)
  2 dart slugs (D:1)
  13 leopard geckos
  An orc (D:4)
  11 giant cockroaches
  3 goblins
  4 hobgoblins
  A quokka (D:4)
  12 ball pythons
  7 bats
  10 frilled lizards
  A jackal skeleton (D:4)
  A kobold (D:1)
  A quokka skeleton (D:4)
  3 rats
90 creatures vanquished.

Notes
Turn   | Place    | Note
-------+----------+-------------------------------------------
     0 | D:5      | Phaedo the Demigod Delver began the quest for the Orb.
     0 | D:5      | Reached XP level 1. HP: 18/18 MP: 3/3
    32 | D:5      | Found a glowing drain.
    56 | D:5      | Noticed an iguana
    58 | Sewer    | Entered a sewer
   247 | Sewer    | Reached XP level 2. HP: 24/25 MP: 4/4
   392 | Sewer    | Reached XP level 3. HP: 29/30 MP: 5/5
   431 | Sewer    | Reached skill level 5 in Stealth
   862 | Sewer    | Reached XP level 4. HP: 19/37 MP: 6/6
  1177 | Sewer    | HP: 1/37 [poisoned by an adder]
  1578 | Sewer    | Noticed a bullfrog
  2135 | D:4      | Reached XP level 5. HP: 31/42 MP: 7/7
  3850 | D:2      | Slain by a hobgoblin

Illustrated notes

Levels and vault maps discovered:
D:1:      minmay_arrival_four_circles, layout_basic,
          chequers_serial_rivers_micro_a, kennysheep_boxes
D:2:      layout_basic, chequers_temple_overflow_minitemple,
          hangedman_abyss_or_decor_lesser_grid, minmay_joined_circles
D:3:      layout_rooms, kiku_gazebo_garden_becter, small_statue_intersection,
          minmay_vboxes
D:4:      layout_basic
D:5:      layout_loops_ring, lemuel_coloured_pillars_altar,
          cheibrodos_sewer_entry_drain, uniq_prince_ribbit1

Skill      XL: |  1  2  3  4  5 |
---------------+----------------+-----
Maces & Flails | 2 3 4 |  4.0
Dodging        | 2 3 |  3.0
Stealth        | 5 |  5.4
Fighting       | |  2.6

Action                   |  1- 3 |  4- 6 || total
-------------------------+-------+-------++-------
Melee: Mace              |   103 |   203 ||   306
Throw: Stone             |    28 |    18 ||    46
  Use: Potion            |     1 |     2 ||     3
       Scroll            |       |     4 ||     4
 Stab: Sleeping          |     1 |    10 ||    11
Armor: Leather armour    |    41 |    61 ||   102
Dodge: Dodged            |    78 |   164 ||   242
